 Dungeon Crawl Stone Soup version 0.31-a0-210-gccc998df9b (webtiles) character file.

Game seed: 6143876475598904946

76 Demosthentine the Poker (level 4, -1/34 HPs)
             Began as a Demonspawn Gladiator on June 30, 2023.
             Slain by Natasha (4 damage)
             ... on level 2 of the Dungeon.
             The game lasted 00:01:51 (2060 turns).

Demosthentine the Poker (Demonspawn Gladiator)      Turns: 2060, Time: 00:01:51

Health: -1/34      AC:  4    Str: 16    XL:     4   Next: 12%
Magic:  4/4        EV: 12    Int: 10    God:
Gold:   149        SH:  0    Dex: 14    Spells: 3/3 levels left

rFire   . . .        a - +0 trident
rCold   . . .        (no shield)
rNeg    . . .        b - +0 leather armour
rPois   .            c - +0 helmet
rElec   .            (no cloak)
rCorr   .            (no gloves)
SInv    .            (no boots)
Will    +....        (no amulet)
Stlth   +            (no ring)
HPRegen 0.25/turn    (no ring)
MPRegen 0.09/turn

%: no passive effects
@: enlightened, flying
A: hooves 1, powered by pain 1
a: no special abilities


You were on level 2 of the Dungeon.
You visited 1 branch of the dungeon, and saw 2 of its levels.

You collected 149 gold pieces.

Inventory:

Hand Weapons
 a - a +0 trident (weapon)
Missiles
 d - 3 throwing nets (quivered)
 e - a javelin
Armour
 b - a +0 leather armour (worn)
 c - a +0 helmet (worn)
 l - a +0 buckler
Wands
 k - a wand of flame (10)
Potions
 i - a potion of attraction {unknown}


   Skills:
 + Level 2.7 Fighting
 + Level 3.2 Polearms
 - Level 1.7 Throwing
 + Level 1.4 Armour
 + Level 3.1 Dodging
 + Level 0.7 Shields


You had 3 spell levels left.
You didn't know any spells.
Your spell library contained the following spells:

 Spells                   Type           Power      Damage    Failure   Level
 Magic Dart               Conj           0%         1d3       43%         1
 Searing Ray              Conj           0%         2d4       56%         2
 Inner Flame              Hex/Fire       0%         N/A       80%         3
 Fulminant Prism          Conj/Hex       0%         3d5       99%         4
 Yara's Violent Unravell  Hex/Tmut       0%         3d3       100%        5
 Enfeeble                 Hex            0%         N/A       100%        7


Dungeon Overview and Level Annotations

Branches:
Dungeon (2/15)

Altars:

Annotations:
D:2 Natasha


Innate Abilities, Weirdness & Mutations

You have large cloven feet.
You sometimes gain a little power by taking damage.


Message History

Natasha is lightly wounded.
Natasha claws you.
You barely miss Natasha. Your kick misses Natasha.
Natasha is lightly wounded.
Natasha claws you but does no damage.
You hit Natasha but do no damage.
Natasha is lightly wounded.
Natasha claws you.
You barely miss Natasha. Your kick misses Natasha.
Natasha is lightly wounded.
Natasha casts a spell.
You barely miss Natasha. You kick Natasha, but do no damage.
Natasha is lightly wounded.
Natasha claws you.
You feel better.
Natasha mumbles some strange words.
The cerulean imp hits you from afar with a +2 spear.
You completely miss Natasha. Your kick misses Natasha.
Natasha is lightly wounded.
Natasha claws you but does no damage. The cerulean imp misses you.
Natasha claws you.
You closely miss Natasha.
Natasha is lightly wounded.
The cerulean imp closely misses you. Natasha claws you.
You puncture Natasha! Your kick misses Natasha.
Natasha is heavily wounded.
The cerulean imp hits you but does no damage.
Natasha claws you.
* * * LOW HITPOINT WARNING * * *
You hit Natasha but do no damage.
Natasha is heavily wounded.
The cerulean imp hits you from afar with a +2 spear.
* * * LOW HITPOINT WARNING * * *
Natasha barely misses you.
The cerulean imp hits you from afar with a +2 spear.
* * * LOW HITPOINT WARNING * * *
It was a potion of enlightenment.
You feel very buoyant.
You fly up into the air.
Natasha claws you.
You die...

##...####.........####...#.###
#.......+.........'...........
##...####.....<...##.......###
###...## ##.......###.##.##.#
#......# ##.....## #.#####.#
#......# ##.5.## #.###...#
#......# ##5## #.......#
##....## #h# #####.### #.####
#@# #.# #.# ##.## #.# #.#
##...## #.# #.#
#.....########.# #.#
##...#.........# #.####
##.##.#########
#....########........#
####.............###.#
##########.#### #.#


You could see Natasha and 2 cerulean imps.

Vanquished Creatures
  Natasha (twice) (D:2)
  A ball python (D:1)
  3 bats
  3 endoplasms
  A giant cockroach (D:2)
  2 goblins (D:1)
  2 hobgoblins (D:1)
  2 jackals (D:1)
  A quokka (D:2)
  A frilled lizard (D:1)
  2 kobolds
  5 rats
25 creatures vanquished.

Notes
Turn   | Place    | Note
-------+----------+-------------------------------------------
     0 | D:1      | Demosthentine the Demonspawn Gladiator began the quest for
                  | the Orb.
     0 | D:1      | Reached XP level 1. HP: 16/16 MP: 1/1
    71 | D:1      | You fall into a shaft and drop 1 floor!
   453 | D:1      | Discovered your monstrous ancestry.
   453 | D:1      | Gained mutation: You have large cloven feet. [demonic
                  | ancestry]
   453 | D:1      | Reached XP level 2. HP: 13/22 MP: 2/2
  1188 | D:2      | Reached skill level 1 in Armour
  1607 | D:2      | Noticed Natasha
  1611 | D:2      | Killed Natasha
  1612 | D:2      | Reached XP level 3. HP: 17/28 MP: 3/3
  1882 | D:2      | Noticed Natasha
  1893 | D:2      | Killed Natasha
  1894 | D:2      | Gained mutation: You sometimes gain a little power by
                  | taking damage. [demonic ancestry]
  1894 | D:2      | Reached XP level 4. HP: 14/34 MP: 4/4
  2042 | D:2      | Noticed Natasha
  2060 | D:2      | Slain by Natasha

Illustrated notes

Levels and vault maps discovered:
D:1:      sevenhm_arrival_forest_fort_small_3, layout_basic
D:2:      layout_loops_corners, uniq_natasha

Skill      XL: |  1  2 |
---------------+-------+-----
Polearms       | 3 |  3.2
Armour         | 1 |  1.4
Dodging        | 3 |  3.1
Fighting       | |  2.7
Throwing       | |  1.7
Shields        | |  0.7

Action                     |  1- 3 |  4- 6 || total
---------------------------+-------+-------++-------
  Melee: Trident           |    77 |    13 ||    90
         Punch             |     1 |       ||     1
         Kick              |     2 |     1 ||     3
    Use: Scroll            |     5 |       ||     5
         Potion            |       |     2 ||     2
   Stab: Sleeping          |     1 |       ||     1
 Armour: Leather armour    |    22 |     3 ||    25
  Dodge: Dodged            |    37 |     5 ||    42

Table legend: (Time is in decaauts)
 A = Elapsed time spent in this place.
 B = Non-inter-level travel time spent in this place.
 C = Inter-level travel time spent in this place.
 D = Time resting spent in this place.
 E = Time spent auto-exploring this place.
 F = Levels seen in this place.
 G = Mean time per level.
                   A        B        C        D        E       F      G
               +--------+--------+--------+--------+--------+-----+--------+
         Total |   2074 |   2038 |     36 |    100 |   1573 |   2 | 1037.0 |
       Dungeon |   2074 |   2038 |     36 |    100 |   1573 |   2 | 1037.0 |
               +--------+--------+--------+--------+--------+-----+--------+

Top non-repeatable levels by time:
     D:2: 1044 daAuts
     D:1: 1030 daAuts
